Map: Tempio ghiacciato

Players

Jhyrachy

  • Race: Zerg Zerg
  • League: Gold

Gillga - Winner!

  • Race: Protoss Protoss
  • League: Gold

VOD

Have the link to the VOD?

Description

Time

  • Played on: April 9, 2016, 4:11 p.m.
  • Length: 10:39
Show
View Real Time Build Order
Export as new Build Order

Jhyrachy Zerg 

Build Orders: Hatch First 

Get SALT Encoding   

  12  0:01  Drone  
  13  0:09  Drone  
  14  0:17  Overlord  
  14  0:36  Drone x3  
  17  0:57  Drone  
  17  1:00  Hatchery, Extractor  
  17  1:01  Drone  
  17  1:17  Spawning Pool  
  16  1:41  Drone x3  
  19  2:14  Queen x2  
  23  2:20  Metabolic Boost  
  23  2:26  Evolution Chamber  
  22  2:31  Drone x5  
  27  2:40  Zergling x2  
  28  3:01  Overlord x2  
  28  3:11  Pneumatized Carapace  
  28  3:19  Zergling x2  
  29  3:20  Zergling x10  
  34  4:09  Zerg Melee Weapons Level 1  
  27  5:15  Zergling x2  
  27  5:16  Zergling x32  
  27  5:19  Overlord  
  43  5:54  Hatchery  
  39  6:32  Queen  
  37  6:53  Zergling x2  
  34  6:54  Zergling x18  
  38  7:05  Zerg Ground Armor Level 1  
  38  7:12  Roach Warren  
  38  7:14  Extractor  
  36  7:20  Queen  
  38  7:25  Drone  
  38  7:26  Drone x7  
  44  7:52  Spine Crawler x2  
  37  8:00  Roach x3  
  37  8:01  Roach x6  
  42  8:08  Zergling x4  
  32  8:37  Roach x2  
  32  8:38  Roach x4  
  34  8:53  Spine Crawler x2  
  32  8:55  Spine Crawler  
  32  8:59  Spine Crawler  
  32  9:00  Spine Crawler  
  32  9:01  Ravager x3  
  30  9:03  Spine Crawler  
Show
View Real Time Build Order
Export as new Build Order

Gillga Protoss - Winner!

Build Orders:  

Get SALT Encoding   

  12  0:01  Probe (Chrono Boost)  
  13  0:11  Probe (Chrono Boost)  
  14  0:19  Pylon  
  14  0:22  Probe (Chrono Boost)  
  15  0:37  Probe (Chrono Boost)  
  15  0:42  Gateway  
  16  0:47  Probe (Chrono Boost)  
  16  0:49  Assimilator  
  17  0:58  Probe (Chrono Boost)  
  18  1:09  Probe (Chrono Boost)  
  19  1:19  Probe (Chrono Boost)  
  20  1:30  Probe (Chrono Boost)  
  21  1:40  Probe (Chrono Boost)  
  21  1:45  Nexus  
  21  1:46  Pylon  
  22  1:51  Probe (Chrono Boost)  
  23  1:55  Cybernetics Core  
  23  2:00  Pylon  
  23  2:06  Assimilator  
  23  2:08  Probe (Chrono Boost)  
  24  2:20  Probe (Chrono Boost)  
  27  2:37  Mothership Core (Chrono Boost)  
  27  2:48  Adept (Chrono Boost), Warp Gate (Chrono Boost)  
  27  2:49  Pylon  
  29  2:52  Assimilator  
  29  2:54  Assimilator  
  29  2:56  Probe  
  29  2:58  Gateway  
  30  3:00  Probe  
  30  3:12  Probe  
  30  3:13  Probe  
  30  3:15  Adept (Chrono Boost)  
  30  3:18  Pylon  
  34  3:25  Probe  
  34  3:26  Probe  
  36  3:36  Robotics Facility  
  36  4:01  Adept (Chrono Boost)  
  38  4:04  Sentry (Chrono Boost)  
  38  4:20  Probe x2, Pylon  
  38  4:22  Pylon  
  40  4:32  Probe x2  
  42  4:39  Warp Prism  
  42  4:40  Gateway  
  42  4:41  Gateway  
  37  5:03  Adept x2  
  41  5:17  Probe x2  
  43  5:29  Probe x2  
  45  5:41  Gateway x2  
  45  5:42  Observer  
  46  5:44  Gateway  
  42  5:54  Adept x2  
  46  5:58  Gateway  
  41  6:21  Adept x2  
  41  6:40  Adept x5  
  33  6:56  Probe x2  
  33  7:00  Adept x2  
  33  7:01  Adept x3  
  42  7:08  Probe x2  
  43  7:19  Pylon  
  43  7:20  Probe, Pylon x2  
  43  7:21  Adept x5  
  54  7:32  Probe  
  55  8:00  Sentry x3  
  55  8:02  Adept x2  
  53  8:34  Stalker x2  
  53  8:35  Stalker x3  
  55  9:04  Stalker  
  55  9:05  Stalker x3  
  63  9:16  Probe  
  60  9:28  Probe  
  61  9:47  Probe  
  62  9:53  Stalker x5  
  62  9:59  Probe  
  73  10:11  Probe  
  74  10:18  Zealot x3  
  74  10:19  Zealot  
  82  10:23  Probe  
Tags
 
Add a new tag
Caveats
  • Supply blocks, unpowered buildings, or Contaminate may cause inaccurate times.
  • Supply counts are checked every 10 seconds.